 Dungeon Crawl Stone Soup version 0.26.1-11-gd32895ea62 (webtiles) character file.

Game seed: 7610186166001459824

137 Zeld the Changer (level 5, -1/34 HPs)
             Began as an Octopode Transmuter on May 28, 2021.
             Slain by an orc
             ... wielding a +0 trident
              (4 damage)
             ... on level 4 of the Dungeon.
             The game lasted 00:01:34 (1342 turns).

Zeld the Changer (Octopode Transmuter)              Turns: 1342, Time: 00:01:34

Health: -1/34      AC:  1    Str: 10    XL:     5   Next: 20%
Magic:  3/9        EV: 14    Int: 16    God:
Gold:   22         SH:  0    Dex: 12    Spells: 0/10 levels left

rFire    . . .     SeeInvis .     - Unarmed
rCold    . . .     Faith    .   (no shield)
rNeg     . . .     Spirit   .   (helmet restricted)
rPois    .         Reflect  .   (no amulet)
rElec    .         Harm     .   (no ring)
rCorr    .         Rampage  .   (no ring)
Will     .....                  (no ring)
Stlth    ++........             (no ring)
HPRegen  0.11/turn              (no ring)
MPRegen  0.11/turn              (no ring)
                                (no ring)
                                (no ring)

@: lethally poisoned (-1 -> -3), very slightly contaminated
A: almost no armour, stealthy swim, amphibious, 8 rings, constrict 8, camouflage
1, gelatinous body 1
a: no special abilities


You were on level 4 of the Dungeon.
You visited 1 branch of the dungeon, and saw 4 of its levels.

You collected 22 gold pieces.

Inventory:

Jewellery
 c - an uncursed amulet of guardian spirit {unknown}
 e - a +6 ring of strength {unknown}
Scrolls
 a - a scroll of remove curse {unknown}
 d - 2 scrolls of identify {unknown}
 g - a scroll of immolation {unknown}
Potions
 b - a potion of ambrosia {unknown}
 f - a potion of invisibility {unknown}


   Skills:
 + Level 2.1 Fighting
 + Level 2.8 Dodging
 - Level 3.0 Unarmed Combat
 * Level 3.1 Spellcasting
 * Level 3.3 Transmutations


You couldn't memorise any spells.
You knew the following spells:

 Your Spells              Type           Power        Failure   Level
a - Beastly Appendage     Tmut           26%          4%          1
b - Wereblood             Tmut           13%          7%          2
c - Spider Form           Tmut/Pois      3%           28%         3
d - Ice Form              Ice/Tmut       7%           67%         4

Your spell library contained the following spells:

 Spells                   Type           Power        Failure   Level
 Blade Hands              Tmut           6%           78%         5


Dungeon Overview and Level Annotations

Branches:
Dungeon (4/15)
 Temple: D:4-7

Altars:

Annotations:
D:4 Eustachio


Innate Abilities, Weirdness & Mutations

You cannot wear most types of armour.
You are very stealthy in the water. (Stealth+)
You are amphibious.
You can wear up to eight rings at the same time.
You can use your tentacles to constrict eight enemies at once.
Your skin changes colour to match your surroundings (Stealth+).
Your rubbery body absorbs attacks. (AC +1, EV +1)


Message History

Confirm with . or Enter, or press ? or * to list all spells.
You don't know that spell.
There are monsters nearby!
Unknown command.
Casting: Spider Form (quite dangerous; 28% risk of failure)
Confirm with . or Enter, or press ? or * to list all spells.
The spell is quite dangerous to cast (28% risk of failure)!
Continue anyway? [Y]es or [N]o only, please.
The spell is quite dangerous to cast (28% risk of failure)!
Continue anyway?
You miscast Spider Form.
You feel rather nauseous for a moment.
You are poisoned.
* * * LOW HITPOINT WARNING * * *
You feel sick. The orc hits you.
* * * LOW HITPOINT WARNING * * *
Unknown command.
You closely miss the orc wizard. You grab the orc wizard.
You constrict the orc wizard, but do no damage.
The orc wizard closely misses you.
The orc hits you from afar with a +0 trident.
You die...

# ......# .## ....#.
####...# ...#..
#.@o...# #####+.[.≈
#o##........>#..≈≈≈
#o# #.### #.#..≈≈≈
#.# #.# #...≈≈≈≈
##.####.#####...≈≈≈≈
#..§.5o.......≈.≈≈≈≈
##.####.###..≈.≈≈≈≈≈
### #.###.≈≈P≈≈rg5
#.....≈≈≈≈≈≈@r


You could see an orc wizard and 2 orcs.

Vanquished Creatures
  An ogre (D:4)
  An ooze (D:3)
  11 orcs (D:3)
  4 bats
  2 giant cockroaches
  2 goblins
  2 hobgoblins (D:1)
  5 jackals (D:1)
  2 kobolds
  A ball python skeleton (D:4)
  2 frilled lizards
  3 rats (D:1)
36 creatures vanquished.

Vanquished Creatures (others)
  7 plants (D:4)
7 creatures vanquished.

Grand Total: 43 creatures vanquished

Notes
Turn   | Place    | Note
-------+----------+-------------------------------------------
     0 | D:1      | Zeld the Octopode Transmuter began the quest for the Orb.
     0 | D:1      | Reached XP level 1. HP: 13/13 MP: 3/3
   149 | D:1      | Reached XP level 2. HP: 18/18 MP: 5/5
   152 | D:1      | Learned a level 2 spell: Wereblood
   520 | D:3      | Reached XP level 3. HP: 23/23 MP: 4/6
   524 | D:3      | Learned a level 3 spell: Spider Form
  1182 | D:4      | Noticed an ogre
  1193 | D:4      | Killed an ogre
  1194 | D:4      | Reached XP level 4. HP: 24/29 MP: 4/8
  1194 | D:4      | Reached XP level 5. HP: 28/34 MP: 4/9
  1268 | D:4      | Learned a level 4 spell: Ice Form
  1282 | D:4      | Noticed Eustachio
  1342 | D:4      | Slain by an orc

Illustrated notes

Levels and vault maps discovered:
D:1:      mrwooster_arrival_statue_2, layout_loops_corners
D:2:      layout_rooms
D:3:      minmay_angry_zag, layout_loops_corners, uniq_grinder, uniq_sigmund
D:4:      layout_loops_corners, chequers_big_river, minmay_shop_mass,
          uniq_robin, uniq_eustachio, uniq_ijyb

Skill      XL: |  1  2  3 |
---------------+----------+-----
Fighting       | 2 |  2.1
Spellcasting   | 3 |  3.1
Transmutations | 3 |  3.3
Dodging        | |  2.8
Unarmed Combat | |  3.0

Action                   |  1- 3 |  4- 6 || total
-------------------------+-------+-------++-------
Melee: Unarmed           |    74 |    10 ||    84
       Constrict         |    21 |     4 ||    25
       Tentacles         |    13 |     1 ||    14
       Kick              |    15 |       ||    15
       Punch             |     1 |     1 ||     2
 Cast: Beastly Appendage |    13 |       ||    13
       Spider Form       |     1 |       ||     1
 Stab: Sleeping          |     4 |       ||     4
Armor: Skin              |     8 |       ||     8
Dodge: Dodged            |    53 |     6 ||    59
